Map: Dead of Night

Players

NamroodTuo

  • Race: Terran Terran
  • Spawn Location: 0:00

LipeDehaka

  • Race: Zerg Zerg

VOD

Have the link to the VOD?

Description

Time

  • Played on: Jan. 22, 2023, 5:29 a.m.
  • Length: 15:32
Show
View Real Time Build Order
Export as new Build Order

NamroodTuo Terran 

Build Orders:  

Get SALT Encoding   

  12  0:04  SCV  
  13  0:19  SCV  
  14  0:33  SCV  
  14  0:37  Supply Depot  
  15  0:51  Factory  
  15  1:13  Supply Depot  
  15  1:14  SCV  
  16  1:28  SCV  
  17  1:41  SCV  
  18  1:55  SCV  
  18  1:56  Perdition Turret  
  19  2:08  SCV  
  20  2:12  Devastation Turret  
  20  2:20  Perdition Turret  
  20  2:22  SCV  
  21  2:35  SCV  
  22  2:49  SCV  
  23  2:51  Engineering Bay  
  23  3:03  SCV, Refinery  
  23  3:07  Refinery  
  23  3:09  Refinery  
  24  3:16  SCV  
  24  3:17  Perdition Turret  
  25  3:24  Devastation Turret  
  25  3:30  SCV  
  26  3:43  SCV  
  27  3:53  Devastation Turret  
  26  4:01  Perdition Turret  
  23  4:14  SCV, Perdition Turret  
  23  4:15  Perdition Turret  
  18  4:28  SCV, Perdition Turret  
  15  4:30  Perdition Turret  
  15  4:31  Perdition Turret  
  15  4:32  Perdition Turret  
  15  4:33  Perdition Turret  
  15  4:37  Perdition Turret x2  
  8  4:40  Perdition Turret, Devastation Turret  
  8  4:41  SCV, Perdition Turret  
  6  4:55  SCV, Perdition Turret x3  
  6  4:58  Perdition Turret  
  5  5:00  Perdition Turret x2  
  5  5:01  Perdition Turret  
  5  5:03  Perdition Turret  
  5  5:06  Perdition Turret  
  5  5:08  Perdition Turret x2  
  5  5:09  SCV  
  6  5:12  Perdition Turret  
  6  5:15  Perdition Turret x2  
  6  5:17  Perdition Turret x3  
  6  5:22  SCV  
  6  5:27  Perdition Turret  
  6  5:28  Perdition Turret  
  7  5:36  SCV  
  8  5:40  Perdition Turret  
  8  5:41  Perdition Turret  
  8  5:42  Perdition Turret  
  8  5:49  SCV, Perdition Turret  
  8  5:50  Devastation Turret  
  9  6:03  SCV  
  9  6:05  Perdition Turret  
  9  6:06  Perdition Turret  
  9  6:09  Perdition Turret  
  10  6:10  Perdition Turret  
  10  6:16  SCV, Perdition Turret  
  10  6:19  Devastation Turret  
  11  6:21  Perdition Turret  
  11  6:22  Perdition Turret  
  11  6:23  Perdition Turret  
  11  6:28  Perdition Turret  
  11  6:30  SCV  
  11  6:32  Perdition Turret  
  11  6:35  Perdition Turret  
  12  6:41  Perdition Turret  
  12  6:44  SCV  
  12  6:45  Perdition Turret  
  13  6:51  Perdition Turret  
  13  6:53  Devastation Turret  
  13  6:54  Perdition Turret  
  13  6:57  SCV  
  14  7:02  Perdition Turret x2  
  14  7:04  Perdition Turret  
  14  7:07  Perdition Turret  
  14  7:08  Perdition Turret  
  14  7:11  SCV  
  14  7:17  Perdition Turret  
  15  7:23  Devastation Turret  
  15  7:24  SCV  
  15  7:25  Perdition Turret  
  15  7:26  Perdition Turret  
  15  7:29  Perdition Turret x2  
  16  7:38  SCV  
  17  7:50  Perdition Turret  
  17  7:51  SCV  
  17  7:54  Devastation Turret  
  18  8:02  Devastation Turret  
  18  8:05  SCV  
  19  8:14  Perdition Turret  
  19  8:18  SCV  
  20  8:24  Devastation Turret  
  20  8:30  Hi-Sec Auto Tracking  
  20  8:32  SCV  
  20  8:33  Devastation Turret  
  20  8:39  Perdition Turret  
  21  8:46  SCV  
  22  8:59  SCV  
  22  9:05  Devastation Turret x2  
  23  9:13  SCV  
  24  9:26  SCV  
  25  9:33  Devastation Turret  
  25  9:35  Devastation Turret  
  25  9:40  SCV  
  26  10:02  Devastation Turret  
  26  10:04  Spinning Dizzy  
  26  10:26  Spinning Dizzy  
  26  10:30  Devastation Turret  
  26  10:41  SCV  
  26  10:48  Spinning Dizzy  
  27  10:55  SCV  
  27  10:58  Perdition Turret  
  28  11:08  SCV  
  29  11:13  Spinning Dizzy  
  29  11:14  Perdition Turret  
  29  11:15  Perdition Turret x2  
  29  11:22  SCV, Perdition Turret  
  30  11:35  SCV  
  30  11:36  Perdition Turret  
  30  11:37  Perdition Turret x2  
  31  11:40  Perdition Turret  
  31  11:46  Perdition Turret  
  31  11:49  Perdition Turret  
  31  11:52  Perdition Turret  
  31  11:56  Perdition Turret  
  31  11:57  Perdition Turret x2  
  31  12:00  Perdition Turret  
  31  12:08  Supply Depot  
  31  12:10  Perdition Turret  
  31  12:12  Perdition Turret x2  
  31  12:13  Perdition Turret  
  31  12:14  Structure Armor, Perdition Turret  
  31  12:15  Perdition Turret x2  
  31  12:17  Perdition Turret  
  31  12:24  Perdition Turret  
  31  12:25  Perdition Turret  
  31  12:30  Perdition Turret x3  
  31  12:33  Perdition Turret  
  31  12:36  Devastation Turret  
  31  12:37  Perdition Turret x2  
  31  12:38  SCV, Perdition Turret  
  32  12:40  Supply Depot  
  32  12:50  Perdition Turret, Devastation Turret  
  32  12:52  SCV  
  32  12:53  Perdition Turret  
  32  12:54  Perdition Turret  
  32  12:55  Perdition Turret x3  
  32  12:56  Perdition Turret  
  33  13:00  Perdition Turret  
  33  13:01  Perdition Turret x2  
  33  13:04  Devastation Turret  
  33  13:05  SCV  
  33  13:06  Perdition Turret  
  34  13:10  Perdition Turret  
  34  13:11  Perdition Turret x5  
  34  13:13  Perdition Turret, Supply Depot  
  34  13:16  Perdition Turret  
  34  13:19  SCV  
  35  13:21  Perdition Turret  
  35  13:22  Perdition Turret  
  35  13:24  Devastation Turret  
  35  13:26  Perdition Turret x2  
  35  13:28  Perdition Turret  
  34  13:30  Perdition Turret  
  34  13:31  Devastation Turret  
  34  13:32  SCV, Perdition Turret  
  34  13:33  Starport  
  34  13:36  Perdition Turret  
  35  13:41  Starport, Perdition Turret x2  
  35  13:42  Perdition Turret  
  35  13:45  Supply Depot  
  35  13:46  SCV  
  36  13:50  Perdition Turret, Devastation Turret  
  36  13:52  Perdition Turret  
  36  13:56  Devastation Turret  
  36  13:59  SCV  
  36  14:03  Devastation Turret  
  36  14:06  Perdition Turret  
  37  14:10  Perdition Turret  
  37  14:13  SCV  
  37  14:16  Perdition Turret  
  37  14:17  Devastation Turret  
  38  14:26  Starport, Devastation Turret  
  38  14:27  SCV  
  38  14:28  Devastation Turret  
  38  14:34  Starport  
  37  14:40  SCV, Perdition Turret  
  37  14:46  Devastation Turret  
  38  14:56  Devastation Turret  
  38  14:57  Devastation Turret  
  38  15:04  Perdition Turret  
  38  15:14  Devastation Turret  
  38  15:25  Devastation Turret  
  38  15:27  Devastation Turret  
  38  15:28  Perdition Turret  
Show
View Real Time Build Order
Export as new Build Order

LipeDehaka Zerg 

Build Orders:  

Get SALT Encoding   

  18  0:03  Primal Drone  
  19  0:15  Primal Drone  
  20  0:25  Primal Drone x2  
  22  1:19  Primal Drone x2  
  24  1:20  Primal Drone  
  24  1:22  Primal Drone  
  24  1:26  Extractor  
  24  1:29  Extractor  
  26  1:39  Primal Drone  
  27  2:44  Primal Drone  
  27  2:45  Primal Drone x2  
  30  2:56  Primal Warden  
  31  3:03  Primal Warden  
  31  3:08  Primal Warden  
  32  9:36  Primal Drone x3  
  32  9:37  Primal Drone x2  
  37  13:12  Primal Drone  
  37  13:13  Primal Drone x4  
  19  15:16  Primal Drone x3  
  19  15:17  Primal Drone x2  
Tags
 
Commander
DehakaSwann
Matchup
Co-op
Replay Pack
Multiplayer
Add a new tag
Caveats
  • Supply blocks, unpowered buildings, or Contaminate may cause inaccurate times.
  • Supply counts are checked every 10 seconds.